 Dungeon Crawl Stone Soup version 0.16.0-14-g63f578d (webtiles) character file.

23351 Palladion the Fighter (level 12, -1/100 HPs)
             Began as a Demonspawn Air Elementalist on Mar 19, 2015.
             Was a High Priest of Dithmenos.
             Slain by an orc warrior
             ... wielding a +0 flail
             ... led by an orc knight
              (24 damage)
             ... on level 2 of the Orcish Mines.
             The game lasted 01:41:07 (17731 turns).

Palladion the Fighter (DsAE)                       Turns: 17731, Time: 01:41:07

Health: -1/100     AC: 14    Str:  8    XL:     12   Next: 71%
Magic:  19/25      EV:  8    Int: 33    God:    Dithmenos [*****.]
Gold:   1341       SH:  7    Dex: 19    Spells: 5 memorised, 11 levels left

rFire  . . .     SeeInvis +     T - +0 morningstar of Bory {freeze, Contam Int+11 Stlth+}
rCold  + + .     Clarity  +     Z - +0 leather armour of Servitude {rElec rC+}
rNeg   . . .     SustAb   .     S - +0 shield
rPois  .         Gourm    .     g - +2 hat {SInv}
rElec  +         Spirit   .     s - +1 cloak
rCorr  .         Warding  .     W - +1 pair of gloves {Dex+3}
rMut   .         Stasis   .     q - +0 pair of boots
MR     +....                    m - amulet of clarity
Stlth  ++++++++++               B - ring of protection from magic
                                R - ring of see invisible

@: about to teleport, marked, very slightly contaminated, wreathed by umbra,
repel missiles, heavily drained, somewhat resistant to hostile enchantments,
uncannily stealthy
A: claws 2, iridescent scales 1, agile 1, cold resistance 1, nightstalker 3,
powered by death 1
a: Shadow Step, Shadow Form, Renounce Religion


You were on level 2 of the Orcish Mines.
You worshipped Dithmenos.
Dithmenos was extremely pleased with you.
You were not hungry.

You visited 4 branches of the dungeon, and saw 18 of its levels.
You also visited: Labyrinth and Ice Cave.

You collected 1341 gold pieces.

Inventory:

Hand weapons
 o - a +0 blowgun
 E - a +4 halberd of freezing
 T - the +0 morningstar of Bory (weapon) {freeze, Contam Int+11 Stlth+}
   (You took it off a minotaur in a labyrinth)

   It has been specially enchanted to freeze those struck by it, causing extra
   injury to most foes and up to half again as much damage against particularly
   susceptible opponents.
   It can also slow down cold-blooded creatures.
   It affects your intelligence (+11).
   It causes magical contamination when unequipped.
   It makes you more stealthy.
Missiles
 a - 2 curare-tipped needles
 p - 47 poisoned needles
 U - 6 needles of sleeping
Armour
 g - a +2 hat of see invisible (worn)
 q - a +0 pair of boots (worn)
 s - a +1 cloak (worn)
 G - a troll hide
 S - a +0 shield (worn)
 W - a +1 pair of gloves of dexterity (worn)
 Z - the +0 leather armour of Servitude (worn) {rElec rC+}
   (You found it on level 9 of the Dungeon)

   It protects you from cold.
   It insulates you from electricity.
Magical staves
 H - a cursed staff of earth {unknown}
 X - an uncursed staff of poison
Jewellery
 e - an uncursed amulet of warding
 f - an uncursed ring of fire
 i - an uncursed amulet of guardian spirit
 l - an uncursed ring of teleportation
 m - an amulet of clarity (around neck)
 B - a ring of protection from magic (right hand)
 F - an uncursed amulet of regeneration
 N - an uncursed amulet of rage
 R - a ring of see invisible (left hand)
Magical devices
 t - a wand of frost (20)
 y - a wand of slowing (30)
 A - a wand of disintegration (13)
 J - a wand of cold (2)
 M - a wand of slowing (19)
 Q - a wand of teleportation (4)
 V - a wand of enslavement (12)
Scrolls
 d - 8 scrolls of identify
 n - 6 scrolls of remove curse
 w - a scroll of acquirement {unknown}
 x - a scroll of magic mapping
 K - a scroll of fog
 L - 2 scrolls of amnesia
 P - a scroll of enchant weapon
Potions
 j - 2 potions of restore abilities {unknown}
 k - 5 potions of curing
 r - 2 potions of agility {unknown}
 u - 2 potions of cancellation
 v - 3 potions of brilliance
 D - 2 potions of poison {unknown}
 O - 2 potions of mutation {unknown}
Books
 h - a book of Hinderance

   Spells                             Type                      Level
   a - Confusing Touch                Hexes                        2
   b - Confuse                        Hexes                        3
   c - Petrify                        Transmutation/Earth          4
   d - Metabolic Englaciation         Hexes/Ice                    5
   e - Gell's Gravitas                Hexes/Translocation          5
   f - Summon Mana Viper              Hexes/Summoning              5
Comestibles
 b - 2 meat rations
 c - 7 fruits
 z - 6 bread rations
 I - a chunk of flesh


   Skills:
 - Level 11.0(8.9) Fighting
 - Level 10.0(8.0) Polearms
 - Level 2.0(0.4) Dodging
 + Level 9.2(7.3) Stealth
 + Level 5.7(3.9) Spellcasting
 - Level 5.0(3.3) Conjurations
 - Level 5.0(3.2) Charms
 - Level 5.0(3.2) Air Magic
 + Level 7.8(5.9) Invocations


You had 11 spell levels left.
You knew the following spells:

 Your Spells              Type           Power        Failure   Level  Hunger
a - Shock                 Conj/Air       ####         17%         1    None
b - Static Discharge      Conj/Air       ####....     47%         3    ##.....
c - Swiftness             Chrm/Air       ####....     24%         2    None
d - Repel Missiles        Chrm/Air       ####..       24%         2    None
e - Flight                Chrm/Air       ####......   47%         3    ##.....


Dungeon Overview and Level Annotations

Branches:
Dungeon (13/15)            Temple (1/1) D:5            Lair (1/8) D:9
    Orc (3/4) D:10         Vaults (0/5) D:13
    Elf: Orc:3-4

Altars:
Ashenzari
Cheibriados
Dithmenos
Elyvilon
Fedhas
Gozag
Kikubaaqudgha
Makhleb
Nemelex Xobeh
Okawaru
Qazlal
Ru
Sif Muna
Trog
Vehumet
Xom
Yredelemnul
Zin
The Shining One
Beogh

Shops:
D:11 :   D:12 }   Orc:1 (

Annotations:
Lair:1 gw's ghost, powerful DsBe
Orc:1 1 runed door
Orc:2 Nergalle


Innate Abilities, Weirdness & Mutations

You have very sharp fingernails.
You are partially covered in iridescent scales (AC +4).
Your flesh is cold resistant.
You are completely attuned to the shadows.
You can steal the life force of nearby defeated enemies.
You are agile. (Dex +2)


Message History

There is a stone staircase leading down here.
Read which item? (? for menu, Esc to quit)
As you read the scroll of teleportation, it crumbles to dust.
You feel strangely unstable. The orc barely misses you.
The orc knight roars a battlecry!
The orc warrior goes into a battle-frenzy!
You block the orc's attack.
An orc priest comes into view. It is wielding a club.
Drink which item? (? for menu, Esc to quit)
You feel better. The orc warrior closely misses you.
The orc warrior closely misses you. You block the orc's attack.
The orc barely misses you.
The orc knight roars a battlecry!
The orc priest goes into a battle-frenzy!
The orc priest prays to Beogh.
You feel troubled.
The orc hits you with a flail of protection!
* * * LOW HITPOINT WARNING * * *
The orc warrior hits you with a flail!!
You die...

....ZZ.#
....Z#o#
..#...[...#
............#
............
.....oo.o..
.o..ooo.....
.....o......
.....@.#..#
......##
......
.....## ..###


You could see an orc knight, Nergalle, 2 orc warriors, an orc priest (frenzied)
and 2 orcs.

Vanquished Creatures
  A minotaur (Lab)
  Fannar (D:13)
  2 hydras
  A shadow wraith (D:13)
  Erolcha (D:9)
  2 ice statues (IceCv)
  A hill giant (D:10)
  The ghost of Shambuh the Changer, an experienced DrTm of Elyvilon (D:6)
  A griffon (D:13)
  An ugly thing (D:11)
  An elephant (D:9)
  Maurice (D:8)
  2 spiny frogs (Lair:1)
  A queen ant (D:12)
  A yaktaur (shapeshifter) (D:13)
  A blink frog (Lair:1)
  A troll (D:10)
  A minotaur skeleton (Lab)
  Prince Ribbit (D:6)
  3 slime creatures (D:12)
  4 shadows
  A wyvern (D:10)
  A basilisk (D:13)
  16 yaks
  A steam dragon (D:9)
  A hippogriff (D:9)
  A human (D:9)
  Grum (D:8)
  5 soldier ants (D:12)
  2 wolves (D:8)
  A warg (Orc:1)
  Edmund (D:7)
  2 hungry ghosts
  4 orc warriors
  2 water moccasins
  2 porcupines (Lair:1)
  A black bear (Lair:1)
  A sky beast (D:9)
  24 ice beasts
  9 ogres
  3 necrophages
  A wasp (D:13)
  4 phantoms
  6 crocodiles
  7 centaurs
  A brain worm (D:12)
  Blork the orc (D:8)
  9 giant frogs
  3 scorpions
  A wyvern skeleton (D:11)
  6 killer bees (D:9)
  2 jellies
  2 goliath beetles (D:9)
  5 crimson imps
  5 orc priests
  12 orc wizards
  Crazy Yiuf (D:6)
  2 giant frog skeletons
  2 iguanas
  10 hounds
  39 worker ants
  5 centaur skeletons
  A gnoll shaman (D:9)
  A spectral orc (Orc:2)
  4 sheep (D:9)
  Ijyb (D:2)
  Terence (D:2)
  3 worker ant zombies
  Robin (D:3)
  6 river rats (Lair:1)
  14 adders
  14 gnolls
  4 shadow imps
  A giant mite (D:7)
  A worm (D:5)
  5 giant geckos
  An ooze (D:2)
  49 orcs
  A bat skeleton (D:6)
  9 giant cockroaches
  28 goblins
  36 hobgoblins
  17 jackals
  20 kobolds
  7 quokkas
  4 ball pythons
  21 bats
  A giant gecko skeleton (D:6)
  8 giant newts
  2 giant spores (D:13)
  A jackal skeleton (D:4)
  2 quokka skeletons
  11 rats
  17 ballistomycetes
  A butterfly (Lair:1)
525 creatures vanquished.

Vanquished Creatures (others)
  2 giant spores (D:6)
2 creatures vanquished.

Grand Total: 527 creatures vanquished

Notes
Turn   | Place    | Note
--------------------------------------------------------------
     0 | D:1      | Palladion, the Demonspawn Air Elementalist, began the quest for the Orb.
     0 | D:1      | Reached XP level 1. HP: 13/13 MP: 3/3
   274 | D:1      | Gained mutation: You are partially covered in iridescent scales (AC +4). [demonic ancestry]
   274 | D:1      | Reached XP level 2. HP: 2/19 MP: 0/4
   548 | D:1      | Reached skill level 3 in Air Magic
   833 | D:1      | Gained mutation: You are slightly more attuned to the shadows. [demonic ancestry]
   833 | D:1      | Reached XP level 3. HP: 22/24 MP: 6/6
   949 | D:2      | Found an opulent altar of Gozag.
  1468 | D:2      | Found an iron altar of Okawaru.
  1468 | D:2      | Found a bloodstained altar of Trog.
  1501 | D:2      | Reached XP level 4. HP: 30/30 MP: 8/8
  1811 | D:2      | Noticed Ijyb
  1812 | D:2      | Noticed Terence
  1857 | D:2      | Killed Terence
  1864 | D:2      | Killed Ijyb
  2074 | D:3      | Gained mutation: You can steal the life force of nearby defeated enemies. [demonic ancestry]
  2074 | D:3      | Reached XP level 5. HP: 32/35 MP: 7/11
  2209 | D:3      | Found a basalt altar of Yredelemnul.
  2278 | D:3      | Noticed Robin
  2293 | D:3      | Killed Robin
  2474 | D:3      | Found a shattered altar of Ashenzari.
  2475 | D:3      | Found a shadowy altar of Dithmenos.
  2475 | D:3      | Found a white marble altar of Elyvilon.
  2838 | D:4      | Reached skill level 4 in Air Magic
  2873 | D:4      | HP: 1/35 [poisoned by a worker ant]
  3325 | D:4      | Noticed an ogre
  3538 | D:4      | Killed an ogre
  3538 | D:4      | Gained mutation: You have sharp fingernails. [demonic ancestry]
  3538 | D:4      | Reached XP level 6. HP: 30/41 MP: 10/14
  3678 | D:3      | Became a worshipper of Dithmenos the Shadowed
  4163 | D:5      | Entered Level 5 of the Dungeon
  4250 | D:5      | Learned a level 3 spell: Static Discharge
  4253 | D:5      | Learned a level 2 spell: Swiftness
  4256 | D:5      | Learned a level 2 spell: Repel Missiles
  4320 | D:5      | Found a staircase to the Ecumenical Temple.
  4327 | Temple   | Entered the Ecumenical Temple
  4512 | D:5      | Gained mutation: Your flesh is cold resistant. [demonic ancestry]
  4512 | D:5      | Reached XP level 7. HP: 29/46 MP: 9/17
  4759 | D:5      | Reached skill level 1 in Charms
  5379 | D:6      | Reached skill level 5 in Air Magic
  5425 | D:6      | Noticed Prince Ribbit
  5468 | D:6      | Reached skill level 5 in Conjurations
  5826 | D:6      | Reached skill level 1 in Fighting
  5826 | D:6      | Reached skill level 5 in Spellcasting
  5826 | D:6      | Reached XP level 8. HP: 40/54 MP: 15/20
  5996 | D:6      | Noticed Shambuh's ghost (experienced DrTm)
  6369 | D:6      | Noticed Crazy Yiuf
  6379 | D:6      | Killed Crazy Yiuf
  6623 | D:6      | Killed Prince Ribbit
  6725 | D:6      | Killed Shambuh's ghost
  6725 | D:6      | Reached XP level 9. HP: 59/65 MP: 15/21
  7224 | D:7      | Noticed Edmund
  7259 | D:7      | Killed Edmund
  7449 | D:7      | Found a stormy altar of Qazlal.
  7477 | D:7      | Found a glowing silver altar of Zin.
  7590 | D:7      | Found a sacrificial altar of Ru.
  7610 | D:7      | Reached skill level 5 in Charms
  7612 | D:7      | Reached skill level 5 in Stealth
  7698 | D:7      | Reached skill level 5 in Fighting
  7698 | D:7      | Reached skill level 1 in Polearms
  7958 | D:8      | Acquired Dithmenos' first power
  7969 | D:8      | Found a radiant altar of Vehumet.
  7983 | D:8      | Found a blossoming altar of Fedhas.
  7987 | D:8      | Noticed Grum
  8019 | D:8      | Killed Grum
  8226 | D:8      | Reached skill level 6 in Fighting
  8336 | D:8      | Noticed Maurice
  8344 | D:8      | Killed Maurice
  8415 | D:8      | Found a deep blue altar of Sif Muna.
  8496 | D:8      | Noticed Blork the orc
  8503 | D:8      | Killed Blork the orc
  8582 | D:8      | Reached skill level 7 in Fighting
  8630 | D:8      | Gained mutation: You have very sharp fingernails. [demonic ancestry]
  8630 | D:8      | Reached XP level 10. HP: 76/79 MP: 16/22
  9090 | D:9      | Reached skill level 5 in Polearms
  9119 | D:9      | Noticed an elephant
  9128 | D:9      | Noticed Erolcha
  9149 | D:9      | Killed an elephant
  9149 | D:9      | Reached skill level 8 in Fighting
  9353 | D:9      | Found a staircase to the Lair.
  9362 | D:9      | Killed Erolcha
  9364 | D:9      | Got an ancient spear
  9398 | D:9      | Got an encrusted leather armour
  9446 | D:9      | Acquired Dithmenos' second power
  9625 | D:9      | Reached skill level 9 in Fighting
  9846 | D:9      | Found a shadowy altar of Dithmenos.
  9929 | D:9      | Identified the +0 leather armour of Servitude {rElec rC+} (You found it on level 9 of the Dungeon)
  9929 | D:9      | Identified the cursed +0 spear "Strukug" {antimagic, MP+9 Str-4 Int+4} (You found it on level 9 of the Dungeon)
  9963 | Lair:1   | Entered Level 1 of the Lair of Beasts
  9988 | Lair:1   | Learned a level 3 spell: Flight
 10168 | Lair:1   | Gained mutation: You are significantly more attuned to the shadows. [demonic ancestry]
 10168 | Lair:1   | Reached XP level 11. HP: 89/89 MP: 23/23
 10377 | Lair:1   | Reached skill level 10 in Fighting
 10379 | Lair:1   | Found a frozen archway.
 10393 | IceCv    | Entered an ice cave
 10405 | IceCv    | Acquired Dithmenos' third power
 10459 | IceCv    | Noticed an ice statue
 10459 | IceCv    | Noticed an ice statue
 10475 | IceCv    | Killed an ice statue
 10961 | IceCv    | Killed an ice statue
 11354 | Lair:1   | Noticed a five-headed hydra
 11356 | Lair:1   | Noticed an eight-headed hydra
 11401 | Lair:1   | Noticed gw's ghost (powerful DsBe)
 11789 | D:10     | Entered Level 10 of the Dungeon
 12084 | D:10     | Reached skill level 11 in Fighting
 12085 | D:10     | Noticed a hill giant
 12103 | D:10     | Killed a hill giant
 12349 | D:10     | Found a staircase to the Orcish Mines.
 12473 | D:11     | Found Fypy's Book Shoppe.
 12654 | D:11     | Noticed a six-headed hydra
 13230 | D:12     | Acquired Dithmenos' fourth power
 13240 | D:12     | Reached skill level 10 in Polearms
 13240 | D:12     | Gained mutation: You are completely attuned to the shadows. [demonic ancestry]
 13240 | D:12     | Reached XP level 12. HP: 56/100 MP: 7/24
 13268 | D:12     | Reached skill level 1 in Invocations
 13695 | D:12     | Noticed a six-headed hydra
 14462 | D:12     | Found Edirorir's Gadget Shop.
 14546 | D:12     | Gained mutation: You are agile. (Dex +2) [potion of beneficial mutation]
 14715 | D:12     | Killed a six-headed hydra
 14768 | D:13     | Noticed Fannar
 14785 | D:13     | Killed Fannar
 14785 | D:13     | Reached skill level 5 in Invocations
 14800 | D:13     | Noticed a four-headed hydra
 14804 | D:13     | Noticed an ettin
 14945 | D:13     | Found a gate to the Vaults.
 14998 | D:13     | Found a labyrinth entrance.
 15004 | Lab      | Entered a labyrinth
 15983 | Lab      | Noticed a minotaur
 15988 | Lab      | Killed a minotaur
 15993 | Lab      | Got an ancient morningstar {freeze}
 15995 | Lab      | Identified a +2 rod of destruction (9/9) (You found it in a labyrinth)
 15996 | Lab      | Identified the cursed +0 morningstar of Bory {freeze, Contam Int+11 Stlth+} (You took it off a minotaur in a labyrinth)
 16265 | D:13     | Killed a four-headed hydra
 16843 | Orc:1    | Entered Level 1 of the Orcish Mines
 17006 | Orc:1    | Found a roughly hewn altar of Beogh.
 17039 | Orc:1    | Found a runed door.
 17088 | Orc:1    | Found Vimemase's Antique Weapon Shop.
 17479 | Orc:2    | Noticed Nergalle
 17731 | Orc:2    | Slain by an orc warrior

Action                   |  1- 3 |  4- 6 |  7- 9 | 10-12 || total
-------------------------+-------+-------+-------+-------++-------
Melee: Short sword       |    29 |       |       |       ||    29
       Unarmed           |     1 |       |       |       ||     1
       Spear             |   105 |   175 |       |       ||   280
       Trident           |       |       |   119 |       ||   119
       Halberd           |       |       |   168 |   561 ||   729
       Morningstar       |       |       |       |   109 ||   109
 Fire: Blowgun           |       |     4 |       |       ||     4
 Cast: Shock             |    12 |    81 |    86 |    32 ||   211
       Repel Missiles    |       |     1 |     3 |     2 ||     6
       Swiftness         |       |       |     4 |     4 ||     8
       Static Discharge  |       |       |    31 |    51 ||    82
       Flight            |       |       |       |     1 ||     1
Evoke: Wand              |       |       |       |     7 ||     7
  Use: Potion            |       |     2 |     2 |    11 ||    15
       Scroll            |       |       |     2 |    19 ||    21
 Stab: Sleeping          |     4 |     6 |    13 |    64 ||    87
       Distracted        |       |       |     1 |     2 ||     3
  Eat: Chunk             |     1 |     6 |    15 |    16 ||    38
       Bread ration      |       |     1 |       |     2 ||     3
       Fruit             |       |       |       |     9 ||     9
       Beef jerky        |       |       |       |     1 ||     1
